AoeStats
← 白鹿城拉车车

Black Forest

510293750Analyzed
4v4 RM · 7h ago on Sep 30, 2026· 42m 51s· 8 players
Game mode
Random Map
Map size
Large (8 player)
Population
200
Speed
Normal
Resources
Standard
Victory
Conquest
Starting age
Dark Age
Ending age
Imperial Age
RankedLock teamsTeams togetherTeam positionsShared explorationLock speedFull tech treeHidden civsTurbo modeCheats
Victory
Defeat
🇹🇼 Danes · Taiwan
1368
+17
🇨🇳 Britons · China
1362
+17
🇨🇳 Byzantines · China
1359
+17
🇨🇳 Burgundians · China
1329
+18
🇨🇳 Malay · China
1411
-18
🇷🇺 Teutons · Russia
1407
-18
🇩🇪 Celts · Germany
1367
-17
🇫🇷 Burgundians · France
1362
-16
Adams1491
12:28 Feudal Age
16:27 Castle Age
14:24 Horse Collar
14:31 Double-Bit Axe
17:38 Wheelbarrow
17:35 Bow Saw
20:36 Loom
21:06 Hand Cart
21:28 Town Watch
22:07 Stone Mining
23:59 Heavy Plow
24:59 Stone Shaft Mining
24:24 Gold Mining
26:11 Squires
25:56 Gambesons
25:57 Arson
26:34 Scale Mail Armor
28:35 Gold Shaft Mining
30:44 Imperial Age
28:42 Forging
29:31 Chain Mail Armor
29:05 Hamask
30:21 Iron Casting
30:53 Capped Ram
32:07 Plate Mail Armor
32:50 Chemistry
31:50 Elite Jomsviking
33:32 Blast Furnace
34:22 Fletching
35:35 Conscription
36:26 Northmen's Fury
40:01 Coinage
39:55 Bodkin Arrow
40:00 Padded Archer Armor
40:25 Ballistics
40:02 Heavy Mounted Crossbowman
40:04 Cranequins
40:51 Thumb Ring
40:58 Bloodlines
40:50 Husbandry
41:32 Bracer
41:48 Leather Archer Armor
42:24 Banking
FF熊熊
10:50 Feudal Age
13:23 Fletching
17:05 Castle Age
25:47 Horse Collar
29:16 Double-Bit Axe
30:57 Wheelbarrow
31:51 Bow Saw
32:37 Stone Mining
34:27 Gold Mining
36:02 Caravan
39:41 Hand Cart
40:23 Loom
44:45 Imperial Age
42:21 Husbandry
43:02 Forging
白鹿城拉车车
9:25 Feudal Age
13:17 Castle Age
11:27 Double-Bit Axe
12:12 Horse Collar
14:37 Bow Saw
14:47 Heavy Plow
20:41 Gold Mining
21:36 Loom
22:30 Wheelbarrow
21:54 Stone Mining
22:52 Gold Shaft Mining
24:23 Hand Cart
27:23 Imperial Age
25:18 Fletching
26:01 Bodkin Arrow
26:08 Padded Archer Armor
26:50 Ballistics
27:03 Hand Cart
26:34 Town Watch
28:21 Yeomen
28:36 Conscription
28:22 Bracer
29:29 Chemistry
29:42 Leather Archer Armor
30:12 Elite Longbowman
31:17 Town Patrol
31:35 Caravan
32:15 Guilds
34:39 Ring Archer Armor
36:03 Hoardings
36:42 Coinage
36:40 Forging
36:31 Scale Mail Armor
39:07 Treadmill Crane
88098560
2:00 Loom
13:20 Feudal Age
12:30 Double-Bit Axe
12:28 Horse Collar
12:41 Gold Mining
17:28 Castle Age
16:19 Bow Saw
17:23 Heavy Plow
18:31 Wheelbarrow
20:27 Stone Mining
30:23 Imperial Age
28:19 Cavalier
29:06 Scale Barding Armor
31:16 Forging
32:20 Chain Barding Armor
33:02 Iron Casting
32:54 Husbandry
32:53 Pikeman
33:34 Scale Mail Armor
34:10 Plate Barding Armor
34:03 Scale Mail Armor
34:58 Paladin
38:37 Two-Man Saw
38:09 Crop Rotation
37:58 Chain Mail Armor
37:48 Squires
38:02 Halberdier
40:51 Conscription
40:47 Fletching
Kiliethink
0:27 Loom
11:20 Feudal Age
11:40 Man-at-Arms
14:55 Fletching
19:31 Double-Bit Axe
20:39 Gold Mining
20:33 Horse Collar
25:40 Castle Age
27:54 Bow Saw
32:16 Imperial Age
30:30 Scale Mail Armor
30:40 Forging
30:18 Gambesons
30:19 Arson
32:24 Chain Mail Armor
33:58 Plate Mail Armor
33:47 Long Swordsman
35:32 Iron Casting
34:40 Two-Handed Swordsman
35:48 Champion
Si TôT
11:27 Feudal Age
15:17 Castle Age
13:26 Double-Bit Axe
13:37 Horse Collar
16:12 Bow Saw
16:06 Heavy Plow
16:07 Gold Mining
17:00 Scale Barding Armor
22:36 Loom
23:27 Wheelbarrow
23:13 Cavalier
24:26 Husbandry
25:25 Chain Barding Armor
28:15 Hand Cart
29:18 Stone Mining
33:14 Gold Shaft Mining
33:16 Crop Rotation
33:49 Two-Man Saw
33:22 Town Watch
36:51 Imperial Age
34:31 Pikeman
34:32 Man-at-Arms
35:12 Squires
34:58 Arson
35:16 Scale Mail Armor
36:11 Forging
36:03 Long Swordsman
37:03 Chain Mail Armor
37:00 Two-Handed Swordsman
38:17 Iron Casting
38:56 Plate Mail Armor
38:49 Champion
41:51 Blast Furnace
41:58 Conscription
41:34 Halberdier
勇敢牛牛
4:18 Loom
10:29 Feudal Age
10:13 Double-Bit Axe
12:34 Wheelbarrow
12:03 Horse Collar
17:50 Castle Age
15:54 Gold Mining
22:45 Imperial Age
21:25 Bow Saw
23:28 Chemistry
23:36 Crossbowman
24:08 Fletching
25:05 Bodkin Arrow
26:24 Bracer
27:54 Arbalester
29:32 Padded Archer Armor
29:53 Ballistics
31:30 Siege Engineers
31:45 Pikeman
33:26 Elite Skirmisher
35:12 Leather Archer Armor
36:42 Ring Archer Armor
Moonka
6:25 Loom
12:17 Feudal Age
13:38 Double-Bit Axe
13:34 Horse Collar
16:29 Castle Age
17:23 Bow Saw
17:14 Heavy Plow
19:24 Wheelbarrow
21:44 Hand Cart
21:53 Gold Mining
22:41 Stone Mining
24:41 Stone Shaft Mining
25:19 Fervor
29:42 Imperial Age
26:58 Town Watch
27:19 Scale Barding Armor
27:24 Forging
28:54 Chain Barding Armor
30:07 Iron Casting
31:16 Plate Barding Armor
31:13 Crop Rotation
31:12 Bloodlines
30:22 Cavalier
32:10 Two-Man Saw
31:52 Crop Rotation
30:49 Capped Ram
31:58 Padded Archer Armor
32:58 Blast Furnace
33:08 Ironclad
33:06 Paladin
34:55 Conscription
34:58 Heavy Scorpion
36:50 Siege Engineers
38:56 Masonry
39:59 Ballistics
40:39 Chemistry
40:34 Guilds
40:25 Caravan
41:25 Coinage
40:57 Arrowslits
Connection lost

Rejoining the realm…

Still unreachable

The connection could not be restored.

Session expired

The server has moved on; the page needs a fresh start.